 Dungeon Crawl Stone Soup version 0.32-a0-599-gba8f9cf90e (webtiles) character file.

Game seed: 3678688151005512522

48233 CougarLife the Earth Mage (level 14, -3/80 HPs)
             Began as a Gargoyle Earth Elementalist on Mar 2, 2024.
             Was a High Priest of Vehumet.
             Slain by a dire elephant (18 damage)
             ... on level 5 of the Lair of Beasts.
             The game lasted 00:31:27 (20867 turns).

CougarLife the Earth Mage (GrEE)                   Turns: 20867, Time: 00:31:28

Health: -3/80      AC: 21    Str: 12    XL:     14   Next: 45%
Magic:  22/41      EV: 11    Int: 32    God:    Vehumet [*****.]
Gold:   472        SH:  0    Dex: 10    Spells: 24/39 levels left

rFire   + + .        L - +5 trident of Instinct {heavy, ^Fragile rElec Int+6 Stlth+}
rCold   + . .        (no shield)
rNeg    + . .        M - +0 steam dragon scales
rPois   ∞            a - +3 hat of Pondering {ponderous, Will+ MP+10 Int+5}
rElec   +            P - +0 cloak {Stlth+}
rCorr   .            (no gloves)
SInv    +            N - +1 pair of boots of the Salamander {Fly rF+++ rC- SInv}
Will    ++...        F - amulet of the acrobat
Stlth   ++++         o - ring of protection from cold
HPRegen 0.33/turn    j - ring of ice
MPRegen 0.27/turn

%: acrobat
@: flying, very slightly contaminated, slow
A: sickness immunity, AC +10, big wings, negative energy resistance 1,
electricity resistance, torment resistance 1, petrification resistance
a: Renounce Religion


You were on level 5 of the Lair of Beasts.
You worshipped Vehumet.
Vehumet was extremely pleased with you.
You visited 3 branches of the dungeon, and saw 17 of its levels.
You also visited: Ice Cave.

You collected 1000 gold pieces.
You spent 528 gold pieces at shops.

Inventory:

Hand Weapons
 L - the +5 trident of Instinct (weapon) {heavy, ^Fragile rElec Int+6 Stlth+}
   (You found it on level 10 of the Dungeon)

   Int+6:     It affects your intelligence (+6).
   rElec:     It insulates you from electricity.
   ^Fragile:  It will be destroyed if unequipped.
   Stlth+:    It makes you more stealthy.
Missiles
 g - 2 throwing nets
 v - 4 curare-tipped darts
Armour
 a - the +3 hat of Pondering (worn) {ponderous, Will+ MP+10 Int+5}
   (You took it off Gastronok on level 10 of the Dungeon)

   Int+5:     It affects your intelligence (+5).
   Will+:     It increases your willpower.
   MP+10:     It affects your magic capacity (+10).
 m - a +2 pair of boots
 M - +0 steam dragon scales (worn)
 N - the +1 pair of boots of the Salamander (worn) {Fly rF+++ rC- SInv}
   (You found it in an ice cave)

   rF+++:     It renders you almost immune to fire.
   rC-:       It makes you vulnerable to cold.
   SInv:      It lets you see invisible.
   Fly:       It grants you flight.
 O - a +2 robe of resistance
 P - a +0 cloak of stealth (worn)
Jewellery
 c - a ring of fire
 j - a ring of ice (right hand)
 o - a ring of protection from cold (left hand)
 u - an amulet of reflection
 F - an amulet of the acrobat (around neck)
Wands
 d - a wand of polymorph (4)
 i - a wand of paralysis (8)
 w - a wand of light (18)
 D - a wand of mindburst (13)
 G - a wand of flame (25)
 Q - a wand of warping (12)
Scrolls
 e - 7 scrolls of teleportation
 k - a scroll of enchant armour
 l - 3 scrolls of vulnerability
 n - 3 scrolls of blinking
 p - a scroll of amnesia
 q - a scroll of fear {unknown}
 r - a scroll of poison {unknown}
 x - 3 scrolls of immolation
 z - a scroll of torment {unknown}
 A - 3 scrolls of fog
 E - a scroll of noise {unknown}
 K - a scroll of butterflies {unknown}
Potions
 f - 3 potions of heal wounds
 h - 4 potions of haste
 s - 3 potions of lignification {unknown}
 t - a potion of might {unknown}
 B - a potion of cancellation {unknown}
 C - 2 potions of curing {unknown}
 H - 2 potions of ambrosia
 I - a potion of attraction {unknown}
 J - a potion of enlightenment {unknown}
 S - a potion of brilliance {unknown}


   Skills:
 + Level 6.6 Fighting
 - Level 1.5 Dodging
 - Level 2.1 Stealth
 + Level 13.1 Spellcasting
 + Level 15.1 Conjurations
 + Level 16.7 Earth Magic


You had 24 spell levels left.
You knew the following spells:

 Your Spells              Type           Power      Damage    Failure   Level
a - Sandblast             Erth           100%       2d20      0%          1
b - Stone Arrow           Conj/Erth      100%       3d13      0%          3
c - Lee's Rapid Deconstr  Erth           45%        3d22*     1%          5
d - Starburst             Conj/Fire      31%        6d9       4%          6

Your spell library contained the following spells:

 Spells                   Type           Power      Damage    Failure   Level
 Fireball                 Conj/Fire      31%        3d13      1%          5
 Magic Dart               Conj           100%       1d8       0%          1
 Searing Ray              Conj           100%       2d8       0%          2
 Passwall                 Erth           91%        N/A       0%          3
 Sting                    Conj/Alch      100%       1d9       1%          1
 Mercury Vapours          Alch/Air       42%        N/A       1%          2
 Momentum Strike          Conj/Tloc      100%       3d10      1%          2
 Dazzling Flash           Conj/Hex       100%       N/A       1%          3
 Inner Flame              Hex/Fire       21%        N/A       1%          3
 Volatile Blastmotes      Fire/Tloc      42%        2d13      1%          3
 Brom's Barrelling Bould  Conj/Erth      89%        2d10      1%          4
 Flame Wave               Conj/Fire      62%        2d14      1%          4
 Fulminant Prism          Conj/Alch      31%        3d16      1%          4
 Iskenderun's Mystic Bla  Conj/Tloc      62%        2d13      1%          4
 Petrify                  Alch/Erth      65%        N/A       1%          4
 Apportation              Tloc           42%        N/A       2%          1
 Necrotise                Necr           84%        1d8       2%          1
 Summon Small Mammal      Summ           84%        N/A       2%          1
 Blink                    Tloc           42%        N/A       3%          2
 Call Imp                 Summ           42%        N/A       3%          2
 Jinxbite                 Hex            42%        N/A       3%          2
 Lesser Beckoning         Tloc           42%        N/A       3%          2
 Airstrike                Air            10%        2d(2-18)  6%          4
 Olgreb's Toxic Radiance  Alch           21%        N/A       6%          4
 Sticky Flame             Fire/Alch      21%        2d6       6%          4
 Vampiric Draining        Necr           21%        2d7       7%          3
 Martyr's Knell           Necr/Summ      21%        N/A       22%         4
 Shatter                  Erth           45%        3d35*     50%         9
 Alistair's Intoxication  Alch           14%        N/A       52%         5
 Curse of Agony           Necr           21%        N/A       52%         5
 Haunt                    Necr/Summ      10%        N/A       100%        7
 Summon Hydra             Summ           10%        N/A       100%        7
 Borgnjor's Revivificati  Necr           10%        N/A       100%        8
 Maxwell's Capacitive Co  Air            10%        ∞         100%        8
 Chain Lightning          Conj/Air       31%        3d41      100%        9
 Death's Door             Necr           10%        N/A       100%        9
 Fire Storm               Conj/Fire      31%        8d8       100%        9


Dungeon Overview and Level Annotations

Branches:
Dungeon (11/15)            Temple (1/1) D:4            Lair (5/5) D:9
 Shoals (0/4) Lair:2       Spider (0/4) Lair:2        Slime (0/5) Lair:5
    Orc (0/2) D:10          IceCv (visited)

Altars:
Ashenzari
Cheibriados
Dithmenos
Elyvilon
Fedhas
Gozag
Hepliaklqana
Kikubaaqudgha
Makhleb
Nemelex Xobeh
Okawaru
Qazlal
Ru
Sif Muna
Trog
Uskayaw
Vehumet
Wu Jian
Xom
Yredelemnul
Zin
The Shining One
Beogh

Shops:
D:4 *   D:6 *:((

Portals:
Abyss: Lair:2

Annotations:
Lair:2 2 transporters, Magod's ghost, journeyman HOFi


Innate Abilities, Weirdness & Mutations

You are immune to sickness and miasma.
Your stone body is resilient. (AC +10)
You are immune to poison.
Your large and strong wings let you fly.
You resist negative energy. (rN+)
You are resistant to electric shocks. (rElec)
You are resistant to unholy torment.
You are immune to petrification.


Message History

The bolt of fire hits the dire elephant!!
The dire elephant is heavily wounded.
The dire elephant tramples you.
You hold your ground!
The dire elephant trunk-slaps you but does no damage.
Casting: Starburst (dangerous; 4% risk of failure)
Confirm with . or Enter, or press ? or * to list all spells.
Casting: Starburst (dangerous; 4% risk of failure)
Press: ? - help, Dir - look around, f - activate The bolt of fire hits the dire elephant!!
The dire elephant is severely wounded.
The bolt of fire misses the cane toad.
The dire elephant tramples you but does no damage.
The dire elephant trunk-slaps you.
Casting: Starburst (dangerous; 4% risk of failure)
Confirm with . or Enter, or press ? or * to list all spells.
Casting: Starburst (dangerous; 4% risk of failure)
Press: ? - help, Dir - look around, f - activate The bolt of fire hits the dire elephant!!
The dire elephant is almost dead.
The bolt of fire hits the cane toad!!
You kill the cane toad!
Vehumet accepts your kill.
You feel your power returning. The dire elephant tramples you!!
You are shoved backwards!
Casting: Starburst (dangerous; 4% risk of failure)
Confirm with . or Enter, or press ? or * to list all spells.
Casting: Starburst (dangerous; 4% risk of failure)
Press: ? - help, Dir - look around, f - activate You miscast Starburst.
You are very lightly contaminated with residual magic.
Energy rips through your body!
* * * LOW HITPOINT WARNING * * *
The dire elephant tramples you but does no damage.
The dire elephant trunk-slaps you but does no damage.
Casting: Starburst (dangerous; 4% risk of failure)
Confirm with . or Enter, or press ? or * to list all spells.
You don't have enough magic to cast this spell.
Unknown command.
Magic courses through your body. The dire elephant tramples you!!
You die...

,,,,****,,,,*~~~~,*#####*ß,,,,*,,
,,,,* ****,***~,*##ß.ß##*,,***,*
,,,,*#♣♣♣##,,,****#ß.⌠.ß####*,,,*
***##♣....##*,,,,,,.......,,,,***
##♣♣...##..♣########'''#####****,
......#..................[.♣,,,,,
#...####..#......#....[#..♣♣,**,,
##...#####..†.....#.....##**,***,
#÷#...####...#..@YZ......#*,***,,
#÷....##.....#..#.#.##......P.,*,
................#####.........,,,
...............P######.##.#.#.,,,
÷...............#####..#######,,,
...............######..#######*..
...............######...######*#.
...............#######..########.
................#.#.#P.########..


You could see a dire elephant and an elephant skeleton.

Vanquished Creatures
  Gastronok (D:10)
  2 azure jellies (IceCv)
  A hydra (Lair:5)
  A catoblepas (Lair:3)
  Erica (Lair:2)
  2 death yaks
  2 two-headed ogres
  Sonja (Lair:5)
  A skyshark (Lair:5)
  2 elephants
  8 black mambas
  3 ice statues (IceCv)
  A merfolk siren (Lair:2)
  A gargoyle (D:10)
  10 cane toads
  Maggie (D:10)
  A torpor snail (Lair:4)
  3 rime drakes
  A freezing wraith (D:7)
  10 komodo dragons
  2 ice devils (D:7)
  3 polar bears
  Grinder (D:4)
  2 trolls
  14 blink frogs
  A merfolk (D:10)
  18 dream sheep
  21 slime creatures (IceCv)
  A vampire (D:9)
  A jumping spider (Lair:2)
  3 wyverns
  45 yaks
  2 basilisks
  3 steam dragons
  4 vampire mosquitoes
  3 redbacks (Lair:2)
  11 water moccasins
  13 orc warriors
  2 great orb of eyes simulacra (IceCv)
  2 sky beasts
  4 ice beasts
  4 black bears
  6 wolves (Lair:2)
  5 centaurs
  3 slime creature simulacra (IceCv)
  5 kobold brigands
  2 phantoms
  12 bullfrogs
  6 glowing shapeshifter simulacra (IceCv)
  4 scorpions
  3 wights (D:8)
  5 killer bees (D:10)
  An electric eel (Lair:4)
  4 howler monkeys
  A bombardier beetle (D:5)
  3 hounds
  Crazy Yiuf (D:4)
  9 orc priests
  2 iguanas (D:6)
  4 jellies
  6 orc wizards
  A sleepcap (D:6)
  A spriggan simulacrum (D:11)
  A troll simulacrum (D:11)
  A shapeshifter simulacrum (IceCv)
  Robin (D:3)
  4 gnolls (D:4)
  9 adders
  2 naga simulacra (D:11)
  8 river rats (D:5)
  2 shadow imps (D:5)
  7 white imps
  2 ufetubi (D:7)
  2 dart slugs
  34 orcs
  9 ball pythons
  8 bats
  15 endoplasms
  14 goblins
  11 hobgoblins
  3 jackals (D:1)
  9 quokkas
  A frilled lizard (D:2)
  27 kobolds
  14 rats (D:5)
481 creatures vanquished.

Notes
Turn   | Place    | Note
-------+----------+-------------------------------------------
     0 | D:1      | CougarLife the Gargoyle Earth Elementalist began the quest
                  | for the Orb.
     0 | D:1      | Reached XP level 1. HP: 10/10 MP: 3/3
   126 | D:1      | Reached XP level 2. HP: 15/15 MP: 3/5
   268 | D:1      | Reached skill level 4 in Earth Magic
   537 | D:1      | Reached XP level 3. HP: 19/19 MP: 4/6
  1418 | D:2      | Reached XP level 4. HP: 24/24 MP: 6/8
  1930 | D:2      | Identified the +5 long sword of the World {heavy, rElec rC+
                  | Str+3}
  2066 | D:3      | Noticed Robin
  2096 | D:3      | Reached XP level 5. HP: 20/28 MP: 3/9
  2165 | D:3      | Killed Robin
  2231 | D:3      | Learned a level 3 spell: Stone Arrow
  2307 | D:3      | Reached skill level 5 in Earth Magic
  3040 | D:4      | Reached XP level 6. HP: 9/32 MP: 1/11
  3152 | D:4      | Got the Elucidation of Feathery Support
  3272 | D:4      | Found a white marble altar of Elyvilon.
  3277 | D:4      | Found a basalt altar of Yredelemnul.
  3280 | D:4      | Found a blossoming altar of Fedhas.
  3286 | D:4      | Found an opulent altar of Gozag.
  3430 | D:4      | Found a burning altar of Makhleb.
  3461 | D:4      | Noticed Grinder
  3461 | D:4      | Paralysed by Grinder for 2 turns
  3470 | D:4      | Killed Grinder
  3471 | D:4      | Reached skill level 6 in Earth Magic
  3471 | D:4      | Reached XP level 7. HP: 19/36 MP: 5/13
  3542 | D:4      | Found Ucukykau's Assorted Antiques.
  3549 | D:4      | Found a staircase to the Ecumenical Temple.
  3557 | Temple   | Entered the Ecumenical Temple
  3566 | Temple   | Became a worshipper of Vehumet
  3685 | D:4      | Found a glowing golden altar of the Shining One.
  3921 | D:4      | Found a runed translucent door.
  3922 | D:4      | Noticed Crazy Yiuf
  3999 | D:4      | Killed Crazy Yiuf
  4000 | D:4      | Reached skill level 5 in Conjurations
  4026 | D:5      | Entered Level 5 of the Dungeon
  4159 | D:5      | Reached skill level 5 in Spellcasting
  4159 | D:5      | Reached skill level 7 in Earth Magic
  4159 | D:5      | Reached * piety under Vehumet
  4159 | D:5      | Offered knowledge of Kiss of Death by Vehumet.
  4242 | D:5      | Reached XP level 8. HP: 41/41 MP: 8/15
  5139 | D:5      | Reached skill level 8 in Earth Magic
  5219 | D:6      | Offered knowledge of Static Discharge by Vehumet.
  5383 | D:6      | Found Qadyu's Antique Weapon Shop.
  5390 | D:6      | Found Puefil's Assorted Antiques.
  5390 | D:6      | Found Kyunej's Book Shop.
  5395 | D:6      | Reached XP level 9. HP: 45/45 MP: 14/18
  5416 | D:6      | Found Otegug's Antique Weapon Shop.
  5485 | D:6      | Reached ** piety under Vehumet
  6120 | D:6      | Reached skill level 9 in Earth Magic
  6735 | D:7      | Noticed a freezing wraith
  6741 | D:7      | Killed a freezing wraith
  6742 | D:7      | Noticed an ice devil
  6844 | D:7      | Killed an ice devil
  6912 | D:7      | Noticed an ice devil
  6934 | D:7      | Killed an ice devil
  6935 | D:7      | Reached skill level 10 in Earth Magic
  7069 | D:7      | Found the +8 frozen axe "Frostbite" {freeze, freezing
                  | cloud, *Noise Fly rC+}
  7240 | D:7      | Reached XP level 10. HP: 50/50 MP: 17/21
  7515 | D:8      | Identified the +10 rapier "Achiesoch" {speed, rPois rN++
                  | Int-4}
  8239 | D:9      | Found a glowing silver altar of Zin.
  8247 | D:9      | Offered knowledge of Hailstorm by Vehumet.
  8726 | D:9      | Reached skill level 11 in Earth Magic
  8848 | D:9      | Reached *** piety under Vehumet
  8987 | D:9      | Found a staircase to the Lair.
  9211 | D:10     | Entered Level 10 of the Dungeon
  9290 | D:10     | Found a hide-covered altar of Uskayaw.
  9297 | D:10     | Offered knowledge of Mephitic Cloud by Vehumet.
  9298 | D:10     | Reached skill level 10 in Conjurations
  9472 | D:10     | Noticed a two-headed ogre
  9476 | D:10     | Killed a two-headed ogre
  9523 | D:10     | Identified the +5 trident of Instinct {heavy, ^Fragile
                  | rElec Int+6 Stlth+}
  9534 | D:10     | Reached XP level 11. HP: 54/54 MP: 24/24
  9603 | D:10     | Reached skill level 12 in Earth Magic
  9865 | D:10     | Reached **** piety under Vehumet
  9910 | D:10     | Found a staircase to the Orcish Mines.
 10126 | D:10     | Noticed Maggie
 10326 | D:10     | Killed Maggie
 10557 | D:10     | Noticed Gastronok
 10565 | D:10     | Killed Gastronok
 10774 | D:11     | Found a frozen archway.
 10793 | IceCv    | Entered an ice cave
 10814 | IceCv    | Offered knowledge of Lee's Rapid Deconstruction by Vehumet.
 10991 | IceCv    | Learned a level 5 spell: Lee's Rapid Deconstruction
 11011 | IceCv    | Reached skill level 10 in Spellcasting
 11107 | IceCv    | Reached skill level 13 in Earth Magic
 11517 | IceCv    | Reached XP level 12. HP: 38/59 MP: 3/26
 12200 | IceCv    | Noticed an azure jelly
 12207 | IceCv    | Killed an azure jelly
 12208 | IceCv    | Reached skill level 14 in Earth Magic
 12267 | IceCv    | Noticed an azure jelly
 12273 | IceCv    | Killed an azure jelly
 12357 | IceCv    | Found a viscous altar of Jiyva.
 12372 | IceCv    | Identified the +1 pair of boots of the Salamander {Fly
                  | rF+++ rC- SInv}
 12491 | D:11     | Noticed a two-headed ogre
 12497 | D:11     | Killed a two-headed ogre
 13087 | D:11     | Found a roughly hewn altar of Beogh.
 13608 | Lair:1   | Entered Level 1 of the Lair of Beasts
 14051 | Lair:1   | Reached skill level 15 in Earth Magic
 14051 | Lair:1   | Reached XP level 13. HP: 54/63 MP: 21/28
 14264 | Lair:1   | Reached ***** piety under Vehumet
 14264 | Lair:1   | Offered knowledge of Iskenderun's Battlesphere by Vehumet.
 14985 | Lair:2   | Noticed Magod's ghost (journeyman HOFi)
 15002 | Lair:2   | Reached skill level 1 in Fighting
 15303 | Lair:2   | Noticed Erica
 15309 | Lair:2   | Killed Erica
 15505 | Lair:2   | Found a hole to the Spider Nest.
 15594 | Lair:2   | Found a transporter.
 15595 | Lair:2   | Found a one-way gate to the infinite horrors of the Abyss.
 15603 | Lair:2   | Found a transporter.
 15777 | Lair:2   | Found a staircase to the Shoals.
 16919 | Lair:3   | You are sucked into a shaft and drop 2 floors!
 16919 | Lair:5   | Entered Level 5 of the Lair of Beasts
 17432 | Lair:3   | Reached skill level 16 in Earth Magic
 18355 | Lair:4   | Reached skill level 5 in Fighting
 18360 | Lair:4   | Gained mutation: Your large and strong wings let you fly.
                  | [Gargoyle growth]
 18360 | Lair:4   | Reached XP level 14. HP: 61/78 MP: 8/30
 19460 | Lair:5   | Found a staircase to the Slime Pits.
 19709 | Lair:5   | Offered knowledge of Fireball by Vehumet.
 20000 | D:6      | Bought a book of Spectacle for 528 gold pieces
 20007 | D:6      | Learned a level 6 spell: Starburst
 20420 | Lair:5   | Reached skill level 15 in Conjurations
 20475 | Lair:5   | Noticed Sonja
 20481 | Lair:5   | Killed Sonja
 20825 | Lair:5   | Noticed a dire elephant
 20825 | Lair:5   | Noticed a dire elephant
 20826 | Lair:5   | Noticed a dire elephant
 20827 | Lair:5   | Noticed a dire elephant
 20867 | Lair:5   | Slain by a dire elephant

Illustrated notes

Levels and vault maps discovered:
D:1:      minmay_arrival_split_and_join, layout_loops_cross, serial_bayou,
          serial_bayou_lagoon_b, serial_bayou_shore_b, serial_bayou_pond_a,
          serial_bayou_pond_d, minmay_misc_feat_chi, minmay_tree_intersection,
          minmay_tromino_v4_c
D:2:      layout_basic, hangedman_decor_clover_reticule
D:3:      layout_basic, grunt_ministairs_15, uniq_robin
D:4:      layout_rooms, grunt_temple_overflow_cloverleaf,
          makhleb_heckhound_becter, kennysheep_little_box,
          minmay_temple_entry_purple_smoke, serial_shops, nicolae_shop_crystal,
          serial_corexii_hall, chequers_hall_statues_y,
          chequers_hall_statues_corner_a, minmay_misc_feat_rows, uniq_grinder,
          uniq_crazy_yiuf_cottage
D:5:      lemuel_ratsnest, layout_cave_pools, serial_library,
          serial_library_hellmonk_octagon, serial_library_hellmonk_room_a,
          serial_library_hellmonk_long_bookcase,
          serial_library_hellmonk_layered_room,
          serial_library_hellmonk_recessed_alcove,
          serial_library_hellmonk_narrow_alcove,
          serial_library_hellmonk_statue_hall
D:6:      layout_basic, minmay_shop_grid_forest
D:7:      layout_loops_ring, minmay_hedge_maze,
          hellmonk_guarded_unrand_frostbite
D:8:      layout_loops_ring, blue_anna_alchemist
D:9:      layout_basic, old_standard_altar, lair_entry_dummy
D:10:     layout_loops_ring, lemuel_tele_altar, david_orc_4,
          hangedman_fish_farm, uniq_maggie, uniq_gastronok
D:11:     layout_basic, special_room [special_room_orc],
          portal_ice_cave_entry_ice_simulacra
Temple:   nicolae_temple_ecumenical_triangle
Lair:1:   layout_gridlike, minivault_23, columned_hall_lemuel,
          grunt_megastairs_3
Lair:2:   layout_loops_ring, minmay_shoals_entry_lonely_mermaid,
          spider_nest_entry_funnel_web, gammafunk_ghost_abyssal_escape,
          uniq_erica
Lair:3:   layout_regular_city, serial_bayou_pond_b,
          nicolae_quartered_pool_impasse, st_stairs_12, wad_woods_road_05
Lair:4:   hellmonk_ruined_rings, layout_layer_cave, gammafunk_lair_bear_cave
Lair:5:   due_jungle_book, layout_small_grid, slime_entry_2,
          chequers_serial_rivers_small_3, serial_bayou_shore_b, uniq_sonja

Skill      XL: |  1  2  3  4  5  6  7  8  9 10 11 12 13 14 |
---------------+-------------------------------------------+-----
Earth Magic    | 4 5 6 7 8 10 11 13 15 16 | 16.7
Conjurations   | 2 3 4 5 7 8 10 11 13 14 15 | 15.1
Spellcasting   | 3 4 5 6 7 9 10 11 12 13 | 13.1
Fighting       | 5 6 |  6.6
Dodging        | |  1.5
Stealth        | |  2.1

Action                     |  1- 3 |  4- 6 |  7- 9 | 10-12 | 13-15 || total
---------------------------+-------+-------+-------+-------+-------++-------
  Melee: Unarmed           |    11 |       |       |       |       ||    11
         Short sword       |    11 |    24 |     8 |     3 |       ||    46
         Trident           |       |       |       |       |     1 ||     1
   Cast: Sandblast         |    47 |    80 |   150 |   162 |    73 ||   512
         Stone Arrow       |       |     4 |    24 |    90 |    57 ||   175
         Lee's Rapid Decon |       |       |       |    90 |   113 ||   203
         Starburst         |       |       |       |       |    11 ||    11
    Use: Scroll            |       |       |       |    12 |     3 ||    15
         Potion            |       |       |       |       |     1 ||     1
 Armour: Robe              |    27 |    65 |    68 |    66 |       ||   226
         Steam dragon scal |       |       |       |    68 |   105 ||   173
  Dodge: Dodged            |    35 |    29 |    51 |   117 |    78 ||   310
  Block: Other             |       |       |       |     1 |       ||     1

Table legend: (Time is in decaauts)
 A = Elapsed time spent in this place.
 B = Non-inter-level travel time spent in this place.
 C = Inter-level travel time spent in this place.
 D = Time resting spent in this place.
 E = Time spent auto-exploring this place.
 F = Levels seen in this place.
 G = Mean time per level.
                   A        B        C        D        E       F      G
               +--------+--------+--------+--------+--------+-----+--------+
         Total |  21709 |  20459 |   1250 |   5570 |  10589 |  18 | 1206.1 |
       Dungeon |  12647 |  11866 |    781 |   2238 |   7445 |  11 | 1149.7 |
        Temple |     21 |     11 |     10 |      0 |      0 |   1 |   21.0 |
          Lair |   7288 |   6830 |    458 |   2377 |   3044 |   5 | 1457.6 |
      Ice Cave |   1752 |   1752 |      0 |    955 |     99 |   1 | 1752.0 |
               +--------+--------+--------+--------+--------+-----+--------+

Top non-repeatable levels by time:
   IceCv: 1752 daAuts
  Lair:4: 1588 daAuts
  Lair:3: 1557 daAuts
    D:10: 1437 daAuts
  Lair:1: 1432 daAuts
  Lair:2: 1423 daAuts
     D:5: 1292 daAuts
  Lair:5: 1285 daAuts
     D:9: 1274 daAuts
     D:1: 1262 daAuts
    D:11: 1193 daAuts
     D:6: 1184 daAuts
     D:7: 1167 daAuts
     D:3: 1073 daAuts
     D:4: 1025 daAuts
